 Dungeon Crawl Stone Soup version 0.20.1 (webtiles) character file.

583 KleinerIrrer the Covert (level 7, -5/46 HPs)
             Began as an Octopode Assassin on July 2, 2017.
             Slain by Crownlay's ghost (10 damage)
             ... on level 4 of the Dungeon.
             The game lasted 00:08:29 (3425 turns).

KleinerIrrer the Covert (Octopode Assassin)         Turns: 3425, Time: 00:08:31

Health: -5/46      AC:  1    Str: 11    XL:     7   Next: 37%
Magic:  6/6        EV: 14    Int: 18    God:
Gold:   219        SH:  0    Dex: 15    Spells: 6/6 levels left

rFire    . . .     SeeInvis .   k - +1 dagger (drain)
rCold    . . .     Gourm    .   (no shield)
rNeg     . . .     Faith    .   (helmet restricted)
rPois    .         Spirit   .   (no amulet)
rElec    .         Reflect  .   (no ring)
rCorr    .         Harm     .   (no ring)
MR       .....                  (no ring)
Stlth    +++++.....             (no ring)
Regen    0.2/turn               (no ring)
MPRegen  0.1/turn               (no ring)
                                (no ring)
                                (no ring)

@: brilliant, hasted, very quick
A: almost no armour, stealthy swim, amphibious, 8 rings, constrict 8, antennae
1, camouflage 1, low mp 1, gelatinous body 1, evolution 1
a: no special abilities


You were on level 4 of the Dungeon.
You were not hungry.

You visited 1 branch of the dungeon, and saw 4 of its levels.

You collected 219 gold pieces.

Inventory:

Hand Weapons
 a - a +2 dagger
 b - a +0 blowgun
 k - a +1 dagger of draining (weapon)
 p - a +0 rapier
Missiles
 c - 23 poisoned needles
 d - 2 curare-tipped needles
Jewellery
 m - an uncursed amulet of faith {unknown}
Scrolls
 g - a scroll of magic mapping
 o - a scroll of teleportation {unknown}
Potions
 j - a potion of heal wounds
 n - a potion of curing {unknown}
Comestibles
 f - 3 bread rations
 q - a royal jelly


   Skills:
 + Level 3.0 Fighting
 + Level 3.6 Short Blades
 - Level 2.0 Throwing
 + Level 2.2 Dodging
 + Level 10.3 Stealth


You had 6 spell levels left.
You didn't know any spells.

Dungeon Overview and Level Annotations

Branches:
Dungeon (4/15)
 Temple: D:4-7

Altars:
Gozag

Annotations:
D:4 Crownlay's ghost, amateur MiHu


Innate Abilities, Weirdness & Mutations

You cannot wear most types of armour.
You are very stealthy in the water. (Stealth+)
You are amphibious.
You can wear up to eight rings at the same time.
You can use your tentacles to constrict eight enemies at once.
Your skin changes colour to match your surroundings (Stealth+).
Your rubbery body absorbs attacks. (AC +1, EV +1)
You have a pair of small antennae on your head.
Your magical capacity is low. (-10% MP)
You evolve.


Message History

It was a potion of haste.
You feel yourself speed up.
You climb downwards.
Level annotation: Crownlay's ghost, amateur MiHu Crownlay's ghost hits you.
There is a stone staircase leading up, spattered with blood here.
You barely miss Crownlay's ghost. Crownlay's ghost hits you!
You barely miss Crownlay's ghost.
You hit Crownlay's ghost but do no damage.
Crownlay's ghost screams, "You must not succeed where I failed!"
Crownlay's ghost misses you.
You closely miss Crownlay's ghost. Crownlay's ghost hits you!
You hit Crownlay's ghost but do no damage.
You closely miss Crownlay's ghost. Crownlay's ghost hits you!
* * * LOW HITPOINT WARNING * * *
You hit Crownlay's ghost. Your squeeze misses Crownlay's ghost.
Crownlay's ghost is lightly damaged.
You hit Crownlay's ghost but do no damage.
Crownlay's ghost is lightly damaged.
Crownlay's ghost hits you!
You die...

### ### #..##### #.# ###
#...@W# ##.# # #.# ##[..## #.##
#. #.# ##...# # ## #.## #.#
#.####.##.## .#. ##.## ...###
#.....###..# ##.# #..#
#...###..##..##..###..# ##..
#........#..###..##..## #####..
#........##..##.......###......
#............##...###..........


You could see Crownlay's ghost.

Vanquished Creatures
  Sigmund (D:2)
  Duvessa (D:4)
  Dowan (D:4)
  The ghost of bli the Skirmisher, a weakling DsMo of Fedhas (D:3)
  2 hounds (D:4)
  An orc wizard (D:4)
  A worker ant (D:4)
  Robin (D:2)
  2 adders (D:2)
  2 worms
  A dart slug (D:1)
  4 orcs
  6 bats
  4 giant cockroaches
  15 goblins
  7 hobgoblins
  A quokka (D:2)
  4 frilled lizards
  8 kobolds
  A quokka skeleton (D:4)
  5 rats
69 creatures vanquished.

Notes
Turn   | Place    | Note
-------+----------+-------------------------------------------
     0 | D:1      | KleinerIrrer the Octopode Assassin began the quest for the Orb.
     0 | D:1      | Reached XP level 1. HP: 14/14 MP: 1/1
   249 | D:1      | Reached XP level 2. HP: 19/19 MP: 2/2
   370 | D:1      | Reached skill level 6 in Stealth
   793 | D:1      | Reached XP level 3. HP: 24/24 MP: 3/3
  1423 | D:2      | Noticed Sigmund
  1427 | D:2      | Killed Sigmund
  1427 | D:2      | Reached skill level 8 in Stealth
  1427 | D:2      | Reached XP level 4. HP: 30/30 MP: 4/4
  1427 | D:2      | Reached XP level 5. HP: 35/35 MP: 5/5
  1526 | D:2      | Noticed Robin
  1532 | D:2      | Reached XP level 6. HP: 39/41 MP: 6/6
  1539 | D:2      | Killed Robin
  1824 | D:3      | Found an opulent altar of Gozag.
  1863 | D:3      | Noticed bli's ghost (weakling DsMo)
  1871 | D:3      | Killed bli's ghost
  1871 | D:3      | Reached skill level 9 in Stealth
  2425 | D:4      | Noticed Dowan
  2426 | D:4      | Noticed Duvessa
  2428 | D:4      | Killed Dowan
  2448 | D:4      | Killed Duvessa
  2448 | D:4      | Reached skill level 10 in Stealth
  2448 | D:4      | Reached XP level 7. HP: 17/45 MP: 7/7
  3101 | D:4      | Noticed Crownlay's ghost (amateur MiHu)
  3391 | D:3      | Gained mutation: Your magical capacity is low. (-10% MP) [potion of mutation]
  3391 | D:3      | Gained mutation: You have a pair of small antennae on your head. [potion of mutation]
  3391 | D:3      | Gained mutation: You evolve. [potion of mutation]
  3425 | D:4      | Slain by Crownlay's ghost

Skill      XL: |  1  2  3  4  5  6  7 |
---------------+----------------------+-----
Stealth        | 6 8 10 | 10.3
Dodging        | 2 |  2.2
Short Blades   | 3 |  3.6
Fighting       | 3 |  3.0
Throwing       | |  2.0

Action                   |  1- 3 |  4- 6 |  7- 9 || total
-------------------------+-------+-------+-------++-------
Melee: Dagger            |    59 |    68 |    26 ||   153
       Constrict         |    13 |    12 |     3 ||    28
       Tentacles         |     4 |    12 |     3 ||    19
  Use: Scroll            |     3 |     2 |       ||     5
       Potion            |       |     3 |     4 ||     7
 Stab: Sleeping          |    14 |     9 |     2 ||    25
       Distracted        |       |     1 |     1 ||     2
  Eat: Chunk             |     2 |     3 |     2 ||     7
       Bread ration      |       |       |     1 ||     1
Armor: Skin              |     4 |     2 |     1 ||     7
Dodge: Dodged            |    37 |    32 |     6 ||    75
